 Dungeon Crawl Stone Soup version 0.19.0 (console) character file.

20936 Kloppie the Carver (level 12, -6/153 HPs)
             Began as a Demonspawn Berserker on Nov 1, 2016.
             Was a High Priest of Trog.
             Mangled by a polar bear (11 damage)
             ... on level 2 of the Lair of Beasts.
             The game lasted 00:22:41 (12114 turns).

Kloppie the Carver (Demonspawn Berserker)          Turns: 12114, Time: 00:22:41

Health: -6/153     AC: 22    Str: 25    XL:     12   Next: 49%
Magic:  12/12      EV:  9    Int: 10    God:    Trog [*****.]
Gold:   423        SH:  0    Dex: 11    Spells: 0 memorised, 11 levels left

rFire  . . .     SeeInvis .     a - +3 falchion (freeze)
rCold  . . .     Gourm    .     z - +1 chain mail of Holiusm {+Fly Int+2 Dex-5 Slay+2}
rNeg   + . .     Faith    .     (no shield)
rPois  .         Spirit   .     (no helmet)
rElec  .         Reflect  .     e - +0 cloak {MR+}
rCorr  .         Harm     .     D - +1 pair of gloves
MR     +++..                    n - +0 pair of boots
Stlth  ..........               (no amulet)
                                H - ring of positive energy
                                k - +3 ring of protection

@: berserking (expiring), lethally poisoned (-6 -> -6), regenerating, drained,
very quick
A: talons 2, iridescent scales 1, powered by death 2, spiny 1
a: Berserk, Trog's Hand, Brothers in Arms, Burn Spellbooks, Renounce Religion,
Evoke Flight


You were on level 2 of the Lair of Beasts.
You worshipped Trog.
Trog was extremely pleased with you.
You were very hungry.

You visited 2 branches of the dungeon, and saw 13 of its levels.

You collected 811 gold pieces.
You spent 388 gold pieces at shops.

Inventory:

Hand Weapons
 a - a +3 falchion of freezing (weapon)
 b - a +3 antimagic great sword
 O - a +0 hand axe of flaming
Armour
 e - a +0 cloak of magic resistance (worn)
 n - a +0 pair of boots (worn)
 z - the +1 chain mail of Holiusm (worn) {+Fly Int+2 Dex-5 Slay+2}
   (You found it on level 4 of the Dungeon)

   It affects your intelligence (+2).
   It affects your dexterity (-5).
   It affects your accuracy and damage with ranged weapons and melee attacks
   (+2).
   It lets you fly.
 D - a +1 pair of gloves (worn)
Jewellery
 g - an uncursed ring of ice
 k - a +3 ring of protection (left hand)
 u - an uncursed ring of stealth
 H - a ring of positive energy (right hand)
Wands
 F - a wand of digging (9/24)
 L - a wand of hasting (3/9)
Scrolls
 f - 3 scrolls of fog
 p - 2 scrolls of magic mapping
 r - 4 scrolls of teleportation
 E - 2 scrolls of remove curse
 G - 4 scrolls of enchant weapon
 J - 2 scrolls of recharging
 N - a scroll of fear
Potions
 h - 5 potions of brilliance
 i - 2 potions of cancellation
 o - 3 potions of heal wounds
 s - a potion of agility
 w - a potion of might
 A - 2 potions of cure mutation
 B - a potion of haste
 C - 3 potions of flight
 M - 2 potions of curing
Comestibles
 c - 7 bread rations
 d - 5 chunks of flesh
 j - 3 beef jerkies
 l - 11 slices of pizza
 P - 2 meat rations


   Skills:
 - Level 11.8(11.1) Fighting
 + Level 13.6(12.8) Long Blades
 + Level 8.7(8.0) Armour
 - Level 1.7(1.2) Dodging


You had 11 spell levels left.
You didn't know any spells.

Dungeon Overview and Level Annotations

Branches:
Dungeon (11/15)            Temple (0/1) D:7            Lair (2/6) D:10
    Orc (0/2) D:10
  Swamp: Lair:2-4    Shoals: Lair:2-4     Snake: Lair:2-4    Spider: Lair:2-4

Altars:
Ashenzari
Dithmenos
Elyvilon
Hepliaklqana
Kikubaaqudgha
Okawaru
Ru

Shops:
D:4 [   D:6 [


Innate Abilities, Weirdness & Mutations

You have razor-sharp toenails.
You are partially covered in iridescent scales. (AC +2)
You regenerate health from kills.
You are partially covered in sharp spines.


Message History

You freeze the crocodile.
The crocodile is heavily wounded.
The polar bear bites you but does no damage.
The polar bear closely misses you. The polar bear claws you.
* * * LOW HITPOINT WARNING * * *
You slash the crocodile!
The crocodile seems to slow down.
You freeze the crocodile.
You kill the crocodile!
Trog accepts your kill.
You feel sick. The yak gores you but does no damage.
The hell rat is struck by your spines. The hell rat bites you!
* * * LOW HITPOINT WARNING * * *
You partially resist.
You feel drained.
You barely miss the yak.
The yak is severely wounded.
The spiny frog is no longer moving slowly.
The yak gores you!
* * * LOW HITPOINT WARNING * * *
The spiny frog barely misses you. The polar bear bites you!
You die...

....... #.#
.......## ..#
........##..
...........
.......<..#
..........#####
......P†rhP...##
........@....≈≈≈
.......YFY..≈≈≈≈
...........≈≈≈##
...........≈≈##
...........≈≈#
.............+
....^......≈≈#
^^^..^.....≈≈#


You could see a polar bear, 2 yaks, a spiny frog and a hell rat.

Vanquished Creatures
  4 hydras
  3 hill giants (D:10)
  Pikel (D:7)
  2 cyclopes
  2 ugly things (D:11)
  Joseph (D:7)
  Psyche (D:9)
  A gargoyle (D:10)
  2 komodo dragons (Lair:1)
  A troll (D:10)
  A slime creature (D:9)
  2 two-headed ogres
  2 dream sheep (D:11)
  6 blink frogs
  2 hippogriffs
  3 yaks
  The ghost of PhynixH2O the Shield-Bearer, an amateur MiFi (D:4)
  A wraith (D:11)
  A wyvern (Lair:1)
  Grum (D:9)
  A hungry ghost (D:9)
  2 porcupines (Lair:1)
  2 water moccasins
  Duvessa (D:6)
  4 orc warriors
  3 sky beasts
  3 slaves (D:7)
  4 ice beasts
  A black bear (D:6)
  3 phantoms
  An eye of draining (D:11)
  11 ogres
  3 crocodiles
  13 centaurs
  7 wolves
  4 big kobolds
  10 bullfrogs
  2 scorpions
  Dowan (D:6)
  19 wights
  An electric eel (D:10)
  5 howler monkeys
  2 centaur zombies
  2 bullfrog zombies
  4 crimson imps
  10 hounds
  2 quasits
  3 jellies
  13 orc wizards
  7 orc priests
  A gnoll shaman (D:8)
  4 centaur skeletons
  5 iguanas
  9 worker ants
  5 hell rats (Lair:1)
  2 hound skeletons
  A worker ant zombie (D:9)
  14 adders
  11 gnolls
  A howler monkey skeleton (D:9)
  4 shadow imps
  An adder zombie (D:9)
  An adder skeleton (D:4)
  3 worms
  2 dart slugs (D:1)
  A leopard gecko (D:2)
  49 orcs
  A ball python (D:3)
  7 giant cockroaches
  6 goblins
  7 hobgoblins
  15 jackals
  10 quokkas
  6 bats
  9 frilled lizards
  A jackal skeleton (D:4)
  6 kobolds
  A leopard gecko skeleton (D:7)
  A leopard gecko zombie (D:7)
  8 rats
374 creatures vanquished.

Vanquished Creatures (others)
  2 fungi (Lair:1)
2 creatures vanquished.

Grand Total: 376 creatures vanquished

Notes
Turn   | Place    | Note
-------+----------+-------------------------------------------
     0 | D:1      | Kloppie the Demonspawn Berserker began the quest for the Orb.
     0 | D:1      | Reached XP level 1. HP: 18/18 MP: 1/1
   319 | D:1      | Reached skill level 3 in Long Blades
   319 | D:1      | Gained mutation: You are partially covered in iridescent scales. (AC +2) [demonic ancestry]
   319 | D:1      | Reached XP level 2. HP: 17/24 MP: 2/2
   675 | D:1      | Reached XP level 3. HP: 12/29 MP: 3/3
  1475 | D:2      | Reached ** piety under Trog
  1475 | D:2      | Reached XP level 4. HP: 7/37 MP: 4/4
  1822 | D:2      | Reached skill level 4 in Long Blades
  2160 | D:3      | Gained mutation: You have sharp toenails. [demonic ancestry]
  2160 | D:3      | Reached XP level 5. HP: 40/43 MP: 5/5
  2956 | D:4      | Noticed an ogre
  2962 | D:4      | Killed an ogre
  2962 | D:4      | Reached skill level 5 in Long Blades
  2962 | D:4      | Gained mutation: You regenerate a little health from kills. [demonic ancestry]
  2962 | D:4      | Reached XP level 6. HP: 49/49 MP: 6/6
  3023 | D:4      | Noticed PhynixH2O's ghost (amateur MiFi)
  3036 | D:4      | Killed PhynixH2O's ghost
  3340 | D:4      | Got an ichor-stained chain mail
  3515 | D:4      | Found Zaraus's Armour Emporium.
  3529 | D:4      | Identified the cursed +1 chain mail of Holiusm {+Fly Int+2 Dex-5 Slay+2} (You found it on level 4 of the Dungeon)
  3568 | D:4      | Bought a +0 cloak of magic resistance for 115 gold pieces
  3748 | D:4      | Reached XP level 7. HP: 54/55 MP: 7/7
  3888 | D:4      | Reached skill level 6 in Long Blades
  4347 | D:5      | Entered Level 5 of the Dungeon
  4493 | D:5      | Reached *** piety under Trog
  4501 | D:5      | Found a sacrificial altar of Ru.
  4612 | D:5      | Reached skill level 5 in Armour
  4620 | D:5      | Gained mutation: You are partially covered in sharp spines. [demonic ancestry]
  4620 | D:5      | Reached XP level 8. HP: 61/61 MP: 8/8
  4837 | D:5      | Found a hazy altar of Hepliaklqana.
  4839 | D:5      | Found a white marble altar of Elyvilon.
  4840 | D:5      | Found an iron altar of Okawaru.
  4901 | D:5      | Reached skill level 7 in Long Blades
  5315 | D:6      | Reached skill level 5 in Fighting
  5525 | D:6      | Found Jeoll's Antique Armour Emporium.
  5607 | D:6      | Reached skill level 8 in Long Blades
  5701 | D:6      | Noticed Duvessa
  5702 | D:6      | Noticed Dowan
  5712 | D:6      | Killed Dowan
  5726 | D:6      | Killed Duvessa
  5726 | D:6      | Gained mutation: You regenerate health from kills. [demonic ancestry]
  5726 | D:6      | Reached XP level 9. HP: 45/71 MP: 9/9
  5863 | D:6      | Reached **** piety under Trog
  6281 | D:7      | Noticed Joseph
  6287 | D:7      | Killed Joseph
  6287 | D:7      | Reached skill level 9 in Long Blades
  6450 | D:7      | Noticed Pikel
  6652 | D:7      | Found a staircase to the Ecumenical Temple.
  6652 | D:7      | Found an ancient bone altar of Kikubaaqudgha.
  6740 | D:7      | Killed Pikel
  7021 | D:8      | Reached XP level 10. HP: 75/82 MP: 10/10
  7061 | D:8      | Found a shattered altar of Ashenzari.
  7147 | D:8      | Reached skill level 10 in Long Blades
  7529 | D:6      | Bought a pair of runed gloves for 273 gold pieces
  8126 | D:9      | Reached ***** piety under Trog
  8166 | D:9      | Noticed Grum
  8172 | D:9      | Killed Grum
  8178 | D:9      | Reached skill level 10 in Fighting
  8230 | D:9      | Found a shadowy altar of Dithmenos.
  8368 | D:9      | Noticed a cyclops
  8380 | D:9      | Killed a cyclops
  8422 | D:9      | Noticed Psyche
  8428 | D:9      | Killed Psyche
  8428 | D:9      | Reached skill level 11 in Long Blades
  8926 | D:9      | Gained mutation: You have razor-sharp toenails. [demonic ancestry]
  8926 | D:9      | Reached XP level 11. HP: 91/92 MP: 11/11
  8961 | D:10     | Entered Level 10 of the Dungeon
  8972 | D:10     | Noticed a hill giant
  8980 | D:10     | Killed a hill giant
  9390 | D:10     | Noticed a hill giant
  9405 | D:10     | Killed a hill giant
  9538 | D:10     | Found a staircase to the Lair.
  9664 | D:10     | Noticed a hill giant
  9678 | D:10     | Killed a hill giant
  9678 | D:10     | Reached skill level 12 in Long Blades
  9695 | D:10     | Received a gift from Trog
  9697 | D:10     | Found a staircase to the Orcish Mines.
 10236 | D:11     | Noticed a green ugly thing
 10248 | D:11     | Killed a green ugly thing
 10494 | D:11     | Noticed a cyan ugly thing
 10502 | D:11     | Killed a cyan ugly thing
 10864 | D:11     | Reached XP level 12. HP: 97/102 MP: 12/12
 10916 | D:11     | Noticed a two-headed hydra
 10921 | D:11     | Killed a one-headed hydra
 10923 | D:11     | Reached skill level 13 in Long Blades
 11074 | Lair:1   | Entered Level 1 of the Lair of Beasts
 11192 | Lair:1   | Noticed a four-headed hydra
 11200 | Lair:1   | Killed a one-headed hydra
 11265 | Lair:1   | Noticed a seven-headed hydra
 11279 | Lair:1   | Killed a one-headed hydra
 11798 | Lair:1   | Noticed a six-headed hydra
 11809 | Lair:1   | Killed a one-headed hydra
 12114 | Lair:2   | HP: 5/153 [yak (8)]
 12114 | Lair:2   | Mangled by a polar bear

Skill      XL: |  1  2  3  4  5  6  7  8  9 10 11 12 |
---------------+-------------------------------------+-----
Long Blades    | 3 4 5 6 8 9 11 12 13 | 13.6
Fighting       | 4 6 8 10 11 | 11.8
Armour         | 2 3 5 7 8 |  8.7
Dodging        | |  1.7

Action                   |  1- 3 |  4- 6 |  7- 9 | 10-12 || total
-------------------------+-------+-------+-------+-------++-------
Melee: Falchion          |    80 |   169 |   382 |   607 ||  1238
       Kick              |       |    36 |   102 |    15 ||   153
       Hand axe          |       |       |       |    26 ||    26
Invok: Berserk           |     5 |     3 |     6 |    14 ||    28
       Trog's Hand       |       |       |     1 |     6 ||     7
  Use: Scroll            |       |     6 |    15 |     8 ||    29
       Potion            |       |       |       |     1 ||     1
 Stab: Sleeping          |     1 |       |       |       ||     1
  Eat: Chunk             |     5 |     8 |    16 |    29 ||    58
       Meat ration       |       |     1 |       |     1 ||     2
Armor: Animal skin       |    20 |       |       |       ||    20
       Leather armour    |     3 |    29 |       |       ||    32
       Ring mail         |       |    10 |       |       ||    10
       Chain mail        |       |     6 |   238 |   351 ||   595
Dodge: Dodged            |    56 |    95 |   140 |   218 ||   509
       Rpst.: Falchion   |    21 |    29 |    41 |    51 ||   142
